 Dungeon Crawl Stone Soup version 0.25-a0-670-g50981ef59b (webtiles) character file.

Game seed: 16170518366762557575, levelgen mode: deterministic

16794 Kohma the Slicer (level 12, -1/77 HPs)
             Began as a Kobold Berserker on Mar 29, 2020.
             Was a Priest of Trog.
             Slain by a six-headed hydra (7 damage)
             ... on level 2 of the Lair of Beasts.
             The game lasted 00:44:28 (15049 turns).

Kohma the Slicer (Kobold Berserker)                Turns: 15049, Time: 00:44:29

Health: -1/77      AC: 11    Str: 15    XL:     12   Next: 74%
Magic:  15/15      EV: 22    Int:  9    God:    Trog [***...]
Gold:   654        SH:  0    Dex: 18    Spells: 11/11 levels left

rFire    . . .     SeeInvis +   h - +0 arbalest
rCold    . . .     Gourm    .   (shield currently unavailable)
rNeg     . . .     Faith    .   O - +2 troll leather armour
rPois    .         Spirit   .   T - +0 helmet
rElec    .         Reflect  .   t - scarf {repulsion}
rCorr    .         Harm     .   j - +1 pair of gloves
MR       +....                  S - +0 pair of boots
Stlth    ++++......             E - amulet of the acrobat
HPRegen  0.62/turn              p - ring of see invisible
MPRegen  0.14/turn              y - ring of protection from magic

@: studying Dodging, repel missiles
A: small, carnivore
a: Berserk, Trog's Hand, Renounce Religion


You were on level 2 of the Lair of Beasts.
You worshipped Trog.
Trog was most pleased with you.
You were very full.

You visited 3 branches of the dungeon, and saw 16 of its levels.

You collected 712 gold pieces.
You spent 58 gold pieces at shops.

Inventory:

Hand Weapons
 a - a +0 hand crossbow
 b - a +0 dagger of venom
 h - a +0 arbalest (weapon)
 N - a +1 vorpal rapier
 P - a +1 falchion of flaming
 Y - a +3 vampiric dagger
Missiles
 m - 52 bolts (quivered)
 v - 6 atropa-tipped darts
 D - 4 curare-tipped darts {!w =f}
 K - 2 throwing nets
Armour
 j - a +1 pair of gloves (worn)
 t - a scarf of repulsion (worn)
 C - the +2 leather armour of Golihab {rF+ Str-4 Int+4}
   (You found it on level 6 of the Dungeon)

   It affects your strength (-4).
   It affects your intelligence (+4).
   It protects you from fire.
 I - a +0 buckler
 O - a +2 troll leather armour (worn)
 S - a +0 pair of boots (worn)
 T - a +0 helmet (worn)
 Z - a +2 robe of cold resistance
Jewellery
 p - a ring of see invisible (left hand)
 s - an uncursed amulet of regeneration
 y - a ring of protection from magic (right hand)
 E - an amulet of the acrobat (around neck)
 U - an uncursed ring of ice
Wands
 k - a wand of polymorph (5)
 A - a wand of enslavement (8)
 B - a wand of flame (51)
 M - a wand of iceblast (9)
 Q - a wand of clouds (4)
 W - a wand of scattershot (5)
 X - a wand of disintegration (17)
Scrolls
 g - 5 scrolls of remove curse
 x - a scroll of immolation
 G - 2 scrolls of enchant weapon
 H - 5 scrolls of teleportation
 V - a scroll of fog
Potions
 d - 4 potions of ambrosia
 e - 7 potions of curing
 l - a potion of resistance {unknown}
 n - 2 potions of might
 o - 2 potions of mutation
 q - a potion of lignification {unknown}
 r - a potion of berserk rage
 u - 4 potions of stabbing
 w - a potion of flight {unknown}
 z - 4 potions of cancellation
 J - 3 potions of brilliance {unknown}
Books
 F - a manual of Dodging
Miscellaneous
 i - a phantom mirror
 R - a lamp of fire (inert)
Comestibles
 c - 23 rations


   Skills:
 - Level 10.0 Fighting
 + Level 11.8 Short Blades
 * Level 11.4 Crossbows
 - Level 3.5 Armour
 - Level 10.0 Dodging
 - Level 10.0 Stealth
 - Level 2.3 Shields
 - Level 5.0 Evocations


You had 11 spell levels left.
You didn't know any spells.
Your spell library was empty.

Dungeon Overview and Level Annotations

Branches:
Dungeon (11/15)            Temple (1/1) D:4            Lair (4/6) D:11
    Orc (0/2) D:10
  Swamp: Lair:2-4    Shoals: Lair:2-4     Snake: Lair:2-4    Spider: Lair:2-4

Altars:
Ashenzari
Cheibriados
Dithmenos
Elyvilon
Fedhas
Gozag
Hepliaklqana
Kikubaaqudgha
Makhleb
Nemelex Xobeh
Okawaru
Qazlal
Ru
Sif Muna
Trog
Uskayaw
Vehumet
Wu Jian
Xom
Yredelemnul
Zin
The Shining One
Beogh

Shops:
D:9 (   D:10 %


Innate Abilities, Weirdness & Mutations

You are small and have problems with some larger weapons.
You are carnivorous and can eat meat at any time.


Message History

The six-headed hydra bites you. The six-headed hydra misses you.
The six-headed hydra completely misses you.
The six-headed hydra bites you! The six-headed hydra barely misses you.
Firing (i - inventory. (/) - cycle)
m - 53 bolts (quivered)
Press: ? - help, Shift-Dir - straight line, f/p - six-headed hydra
Aim: a six-headed hydra (moderately wounded)
You shoot a bolt. The bolt hits the six-headed hydra.
The six-headed hydra is heavily wounded.
The six-headed hydra barely misses you. The six-headed hydra bites you.
The six-headed hydra bites you! x2; The six-headed hydra barely misses you.
The six-headed hydra completely misses you.
As you read the scroll of fear, it crumbles to dust.
You assume a fearsome visage.
The six-headed hydra resists with some effort.
The six-headed hydra bites you!
* * * LOW HITPOINT WARNING * * *
The six-headed hydra bites you!
* * * LOW HITPOINT WARNING * * *
The six-headed hydra bites you!
You die...

####.P#.........
##P#.............
####.........#..#..
♣###.......P.......##
^♣.# .#.##..........#
....## ##..........##
.>.♣.###...........####
.....##.............P.#
....#.#.........@.....#
#+..##..........D....[#
....##..........(....##
........#.......((..##
##......#......###.)#
...#..#..##....# ##.##
......#......P## #...#
...♣...#....### ##..#
.<..........# #..#


You could see a six-headed hydra.

Vanquished Creatures
  Harold (Lair:1)
  A catoblepas (Lair:2)
  A two-headed ogre (D:10)
  Fannar (Lair:3)
  A cyclops (D:7)
  3 black mambas
  Psyche (D:9)
  3 spiny frogs
  A rime drake (Lair:2)
  3 komodo dragons
  A troll (D:10)
  Prince Ribbit (D:9)
  A hornet (D:7)
  3 hippogriffs
  16 yaks
  A spriggan (D:8)
  A wyvern (Lair:2)
  A vampire (D:10)
  A hungry ghost (D:8)
  A soldier ant (D:10)
  6 water moccasins
  2 porcupines (Lair:2)
  4 ice beasts
  2 orc warriors
  A black bear (D:7)
  2 phantoms
  6 ogres
  3 necrophages
  4 centaurs
  3 crocodiles
  2 big kobolds
  8 bullfrogs
  A wyvern zombie (D:8)
  4 scorpions
  16 killer bees
  8 wights
  3 electric eels (D:5)
  5 howler monkeys
  7 crimson imps
  2 quasits
  2 bullfrog zombies
  11 hounds
  A centaur zombie (D:8)
  5 orc priests
  8 orc wizards
  Jessica (D:2)
  An iguana (D:10)
  6 worker ants
  3 hound zombies
  2 hound skeletons
  A mummy (D:8)
  2 worker ant zombies
  7 adders
  2 shadow imps
  3 oozes
  A worm (D:2)
  2 dart slugs (D:1)
  4 leopard geckos
  26 orcs
  7 bats
  2 giant cockroaches
  7 hobgoblins
  7 quokkas
  2 frilled lizards
  3 goblins
  A jackal zombie (D:5)
  18 kobolds
  2 quokka skeletons
  5 rats
  A plant (D:11)
275 creatures vanquished.

Vanquished Creatures (others)
  An orc (D:3)
  2 plants
3 creatures vanquished.

Grand Total: 278 creatures vanquished

Notes
Turn   | Place    | Note
-------+----------+-------------------------------------------
     0 | D:1      | Kohma the Kobold Berserker began the quest for the Orb.
     0 | D:1      | Reached XP level 1. HP: 14/14 MP: 1/1
   639 | D:1      | Reached XP level 2. HP: 17/19 MP: 2/2
   892 | D:1      | Reached skill level 1 in Stealth
  1128 | D:1      | Reached XP level 3. HP: 16/23 MP: 3/3
  1304 | D:2      | Found an iron altar of Okawaru.
  1399 | D:2      | Reached ** piety under Trog
  1950 | D:2      | Reached skill level 5 in Short Blades
  1950 | D:2      | Reached XP level 4. HP: 28/29 MP: 4/4
  2125 | D:2      | Noticed Jessica
  2130 | D:2      | Killed Jessica
  2375 | D:3      | Reached XP level 5. HP: 33/33 MP: 5/5
  2915 | D:4      | Reached XP level 6. HP: 31/38 MP: 6/6
  3691 | D:4      | Found a staircase to the Ecumenical Temple.
  3724 | Temple   | Entered the Ecumenical Temple
  4048 | D:4      | Reached XP level 7. HP: 44/44 MP: 7/7
  4430 | D:5      | Entered Level 5 of the Dungeon
  4432 | D:5      | You fall into a shaft and drop 3 floors!
  4463 | D:7      | Reached skill level 5 in Fighting
  4549 | D:5      | Noticed a water moccasin
  4572 | D:6      | Killed a water moccasin
  4805 | D:5      | Reached skill level 5 in Dodging
  4805 | D:5      | Reached skill level 5 in Stealth
  4805 | D:5      | Reached XP level 8. HP: 48/49 MP: 8/8
  4833 | D:5      | Found a transporter.
  4836 | D:5      | Found a transporter.
  5339 | D:5      | Reached *** piety under Trog
  5991 | D:5      | Reached skill level 10 in Short Blades
  5991 | D:5      | Reached XP level 9. HP: 33/54 MP: 9/9
  6442 | D:6      | Got a brightly glowing leather armour
  6462 | D:6      | Identified the +2 leather armour of Golihab {rF+ Str-4
                  | Int+4} (You found it on level 6 of the Dungeon)
  7157 | D:7      | Noticed a hornet
  7228 | D:7      | Noticed a cyclops
  7244 | D:7      | Killed a cyclops
  7291 | D:7      | Reached skill level 10 in Stealth
  7557 | D:7      | Reached XP level 10. HP: 59/59 MP: 10/10
  7592 | D:7      | Reached skill level 10 in Dodging
  7847 | D:8      | Reached skill level 1 in Evocations
  8461 | D:8      | Reached **** piety under Trog
  9022 | D:9      | Reached skill level 1 in Shields
  9299 | D:9      | Noticed Prince Ribbit
  9319 | D:9      | Killed Prince Ribbit
  9319 | D:9      | Reached skill level 1 in Crossbows
  9447 | D:9      | Noticed Psyche
  9464 | D:9      | Killed Psyche
  9831 | D:9      | Found Zifitu Nysa's Weapon Boutique.
  9835 | D:9      | Bought a +0 arbalest for 58 gold pieces
  9912 | D:10     | Entered Level 10 of the Dungeon
  9931 | D:10     | Found Kiffonum's Food Emporium.
  9974 | D:10     | Reached XP level 11. HP: 65/65 MP: 14/14
 10047 | D:10     | Reached skill level 5 in Evocations
 10122 | D:10     | Noticed a two-headed ogre
 10143 | D:10     | Killed a two-headed ogre
 10143 | D:10     | Reached skill level 5 in Crossbows
 10624 | D:10     | Found a staircase to the Orcish Mines.
 10643 | D:10     | Found a roughly hewn altar of Beogh.
 11442 | D:11     | Reached ***** piety under Trog
 11442 | D:11     | Received a gift from Trog
 12016 | D:11     | Found a staircase to the Lair.
 12583 | Lair:1   | Entered Level 1 of the Lair of Beasts
 13138 | Lair:1   | Reached XP level 12. HP: 22/75 MP: 15/15
 13456 | Lair:1   | Identified a scroll of acquirement
 13617 | Lair:1   | Noticed Harold
 13631 | Lair:1   | Killed Harold
 14050 | Lair:2   | Reached skill level 10 in Crossbows
 14314 | Lair:2   | Noticed a six-headed hydra
 14552 | Lair:2   | You fall into a shaft and drop 2 floors!
 14584 | Lair:3   | Noticed Fannar
 14594 | Lair:3   | Killed Fannar
 14719 | Lair:2   | Noticed a catoblepas
 14738 | Lair:2   | Killed a catoblepas
 15031 | Lair:2   | Reached skill level 10 in Fighting
 15049 | Lair:2   | Slain by a six-headed hydra

Levels and vault maps discovered:
D:1:      dpeg_arrival_water_fire, layout_loops_ring, minmay_misc_feat_hallway,
          minmay_heptomino_d4
D:2:      layout_rooms, overflow_temple_1_default, minmay_misc_feat_chi,
          uniq_jessica
D:3:      layout_basic
D:4:      layout_loops_ring, minmay_temple_entry_proselytizer
D:5:      gammafunk_steamed_eel, layout_gridville, first_ration
D:6:      layout_gridville
D:7:      layout_gridville
D:8:      layout_rooms, serial_undead, serial_undead_e, serial_undead_e,
          serial_undead_a, serial_undead_a, the_bakery,
          minmay_misc_feat_enclosed, chequers_jeans
D:9:      layout_gridville, serial_shops, shop, hangedman_decor_opposing,
          uniq_psyche, uniq_prince_ribbit1
D:10:     layout_roguey, minmay_orc_entry_temple_small, serial_shops,
          kennysheep_mini
D:11:     layout_small_grid, david_lair_shrubbed
Temple:   minmay_crystal_snake_temple
Lair:1:   layout_gridlike, cheibrodos_lair_reptile_den, serial_bayou_shore_a,
          uniq_harold
Lair:2:   layout_cave_pods, skrybe_swamp_entry_bodies, grunt_megastairs_2,
          lemuel_fruit_fields, infiniplex_staircase_pool_2
Lair:3:   layout_cave_pods, minmay_snake_entry_six_corridors, uniq_rupert,
          uniq_fannar
Lair:4:   layout_regular_city

Skill      XL: |  1  2  3  4  5  6  7  8  9 10 11 12 |
---------------+-------------------------------------+-----
Stealth        | 1 2 3 5 6 10 | 10.0
Short Blades   | 5 6 8 10 11 | 11.8
Dodging        | 3 4 5 6 9 10 | 10.0
Fighting       | 4 5 6 8 10 | 10.0
Evocations     | 4 5 |  5.0
Armour         | 3 |  3.5
Shields        | 2 |  2.3
Crossbows      | 2 9 11 | 11.4

Action                   |  1- 3 |  4- 6 |  7- 9 | 10-12 || total
-------------------------+-------+-------+-------+-------++-------
Melee: Dagger            |   196 |   226 |   395 |   995 ||  1812
       Rapier            |       |       |       |   218 ||   218
 Fire: Hand crossbow     |       |       |       |   106 ||   106
       Arbalest          |       |       |       |     4 ||     4
Throw: Dart              |       |     3 |       |     2 ||     5
Invok: Berserk           |     2 |     5 |    10 |    19 ||    36
       Trog's Hand       |       |       |     2 |     8 ||    10
       Brothers in Arms  |       |       |       |     2 ||     2
Evoke: Wand              |       |       |     5 |     2 ||     7
       Lamp of fire      |       |       |       |     1 ||     1
  Use: Scroll            |     1 |     9 |     6 |    14 ||    30
       Potion            |       |       |       |     4 ||     4
 Stab: Invisible         |       |     1 |       |       ||     1
       Sleeping          |       |     2 |     7 |    14 ||    23
       Distracted        |       |       |       |     2 ||     2
  Eat: Chunk             |    13 |     9 |    25 |    50 ||    97
       Ration            |       |       |       |     1 ||     1
Armor: Animal skin       |     2 |       |       |       ||     2
       Ring mail         |    38 |    37 |    29 |       ||   104
       Leather armour    |       |       |    12 |    93 ||   105
       Troll leather arm |       |       |       |    27 ||    27
Dodge: Dodged            |   132 |   123 |   186 |   822 ||  1263
       Deflected         |       |       |     1 |     4 ||     5
Block: Buckler           |       |       |       |   206 ||   206

Table legend:
 A = Non-vault XP
 B = Vault XP
 C = Vault XP percentage of total XP
 D = Non-vault monster count
 E = Vault monster count
 F = Vault count percentage of total count
                 A         B        C        D         E       F
            +---------+---------+-------+---------+---------+-------
      Total |   16584 |    7408 |  30.9 |     226 |      48 |  17.5
            +---------+---------+-------+---------+---------+-------
        D:1 |      26 |       6 |  18.8 |      12 |       3 |  20.0
        D:2 |      59 |      37 |  38.5 |      19 |       1 |   5.0
        D:3 |     107 |       0 |   0.0 |      12 |       0 |   0.0
        D:4 |     319 |      41 |  11.4 |      14 |       1 |   6.7
        D:5 |    1064 |     161 |  13.1 |      24 |       3 |  11.1
        D:6 |     492 |       0 |   0.0 |       9 |       0 |   0.0
        D:7 |    2145 |     236 |   9.9 |      23 |       3 |  11.5
        D:8 |    1124 |     656 |  36.9 |      20 |       8 |  28.6
        D:9 |     812 |     731 |  47.4 |      21 |       2 |   8.7
       D:10 |    3189 |     235 |   6.9 |      23 |      10 |  30.3
       D:11 |    1672 |     815 |  32.8 |      27 |       2 |   6.9
     Lair:1 |    3090 |    2626 |  45.9 |      13 |       8 |  38.1
     Lair:2 |    2485 |     399 |  13.8 |       9 |       3 |  25.0
     Lair:3 |       0 |    1465 | 100.0 |       0 |       4 | 100.0
            +---------+---------+-------+---------+---------+-------
